AoeStats
← MattAtArms

Arabia

518475652Analyzed
1v1 RM · 2d ago on Nov 3, 2026· 13m 41s· 2 players
Game mode
Random Map
Map size
Tiny (2 player)
Population
200
Speed
Normal
Resources
Standard
Victory
Conquest
Starting age
Dark Age
Ending age
Imperial Age
RankedLock teamsTeams togetherTeam positionsShared explorationLock speedFull tech treeHidden civsTurbo modeCheats
Victory
Defeat
🇻🇳 Magyars · Vietnam
1832
+21
vs
🇬🇧 Hindustanis · United Kingdom
1937
-21
MattAtArms
6:05 Loom
9:12 Feudal Age
9:19 Man-at-Arms
9:55 Double-Bit Axe
PomPom
6:04 Loom
8:24 Feudal Age
8:54 Double-Bit Axe
9:33 Double-Bit Axe
Connection lost

Rejoining the realm…

Still unreachable

The connection could not be restored.

Session expired

The server has moved on; the page needs a fresh start.